 Dungeon Crawl Stone Soup version 0.29-a0-982-gaed3a0c8d8 (webtiles) character file.

Game seed: 14227953538442590849

5086 ytrimaz the Cleaver (level 10, -3/106 HPs)
             Began as a Demonspawn Berserker on Aug 1, 2022.
             Was a High Priest of Trog.
             Slain by a killer bee (4 damage)
             ... on level 9 of the Dungeon.
             The game lasted 00:14:59 (8805 turns).

ytrimaz the Cleaver (Demonspawn Berserker)          Turns: 8805, Time: 00:15:00

Health: -3/106     AC: 16    Str: 22    XL:     10   Next: 31%
Magic:  0/10       EV:  6    Int: 15    God:    Trog [*****.]
Gold:   504        SH:  0    Dex: 12    Spells: 9/9 levels left

rFire   . . .      SeeInvis +   K - +1 battleaxe (freeze)
rCold   . . .      Faith    .   (shield currently unavailable)
rNeg    . . .      Spirit   +   y - +0 plate armour
rPois   .          Reflect  .   Q - +0 helmet
rElec   .          Harm     .   r - +0 cloak
rCorr   .          Rampage  .   (no gloves)
Will    ++...                   (no boots)
Stlth   ..........              J - amulet of regeneration
HPRegen 2.07/turn               c - ring of see invisible
MPRegen 0.24/turn               H - +6 ring of intelligence

@: berserking, lethally poisoned (-3 -> -3), strong-willed, regenerating,
studying Maces & Flails, very quick
A: yellow scales 2, powered by pain 2, magic shield, magic regeneration, demonic
touch 2
a: Renounce Religion, Berserk, Trog's Hand, Brothers in Arms


You were on level 9 of the Dungeon.
You worshipped Trog.
Trog was extremely pleased with you.
You visited 1 branch of the dungeon, and saw 9 of its levels.
You also visited: Sewer and Ossuary.

You collected 504 gold pieces.

Inventory:

Hand Weapons
 a - a +0 hand axe
 A - a +0 vorpal hand axe
 E - a +0 war axe
 I - a +0 war axe of freezing
 K - a +1 battleaxe of freezing (weapon)
Missiles
 b - 2 throwing nets (quivered)
Armour
 r - a +0 cloak (worn)
 y - a +0 plate armour (worn)
 P - +0 steam dragon scales
 Q - a +0 helmet (worn)
Jewellery
 c - a ring of see invisible (left hand)
 e - an amulet of magic regeneration
 o - an amulet of faith
 H - a +6 ring of intelligence (right hand)
 J - an amulet of regeneration (around neck)
Wands
 u - a wand of charming (5)
 D - a wand of light (19)
 G - a wand of mindburst (17)
 O - a wand of flame (29)
 R - a wand of roots (4)
Scrolls
 d - a scroll of vulnerability
 f - a scroll of fear
 i - 6 scrolls of teleportation
 k - 5 scrolls of enchant weapon
 n - 5 scrolls of noise
 p - a scroll of blinking
 v - 2 scrolls of summoning
 w - a scroll of poison
 x - 5 scrolls of fog
 L - 3 scrolls of amnesia
 M - a scroll of brand weapon
 N - 2 scrolls of immolation
Potions
 g - 10 potions of curing
 h - 7 potions of heal wounds
 j - 2 potions of degeneration {unknown}
 l - a potion of magic {unknown}
 m - 2 potions of cancellation {unknown}
 q - 2 potions of haste {unknown}
 s - 3 potions of might {unknown}
 t - a potion of invisibility {unknown}
 z - a potion of mutation {unknown}
 B - 4 potions of attraction
 C - 3 potions of berserk rage {unknown}
 F - a potion of resistance {unknown}


   Skills:
 - Level 3.7 Fighting
 + Level 13.9 Axes
 - Level 1.9 Armour
 - Level 2.1 Dodging
 - Level 0.1 Stealth


You had 9 spell levels left.
You didn't know any spells.
Your spell library was empty.

Dungeon Overview and Level Annotations

Branches:
Dungeon (9/15)             Temple (0/1) D:4           Sewer (visited)
Ossuary (visited)
   Lair: D:8-11         Orc: D:9-12

Altars:
Fedhas
Hepliaklqana
Makhleb
Nemelex Xobeh
Ru
Vehumet
Yredelemnul

Shops:
D:4 [   D:5 =   D:6 *!   D:8 [


Innate Abilities, Weirdness & Mutations

You are mostly covered in yellow scales. (AC +3)
You sometimes gain power by taking damage.
When hurt, damage is shared between your health and your magic reserves.
You regenerate magic rapidly.
Your touch may inflict irresistible damage on your foes.


Message History

The killer bee is severely wounded.
You miss the killer bee.
You feel sick. The killer bee stings you.
* * * LOW HITPOINT WARNING * * *
The killer bee stings you.
* * * LOW HITPOINT WARNING * * *
You miss the killer bee.
The killer bee is severely wounded.
You miss the killer bee.
You feel sick.
The killer bee stings you but does no damage.
The killer bee stings you.
* * * LOW HITPOINT WARNING * * *
Unknown command.
You closely miss the killer bee.
The killer bee is severely wounded.
You slash the killer bee! You freeze the killer bee.
You feel the power of Trog in you as your rage grows.
You kill the killer bee!
Trog accepts your kill.
You feel sick. The killer bee barely misses you.
You completely miss the killer bee.
The killer bee is severely wounded.
You barely miss the killer bee.
You feel sick. The killer bee barely misses you.
The killer bee stings you but does no damage.
The killer bee stings you.
* * * LOW HITPOINT WARNING * * *
You are more poisoned.
The killer bee poisons you!
The killer bee stings you but does no damage.
You barely miss the killer bee.
The killer bee is severely wounded.
You slash the killer bee! You freeze the killer bee.
You feel sick. The killer bee stings you. x2
* * * LOW HITPOINT WARNING * * *
Unknown command.
Unknown command.
Unknown command.
The killer bee attacks as you move away!
The killer bee stings you.
You die...

#............ #
#.....#########
#
#..............
#
#..............
#...###########
#............
#.....##+#####
#.#...#y......
#.#...@yy.....
#.....########
#......
#.##.... #.
#.... # .....
#######


You could see 3 killer bees.

Vanquished Creatures
  A two-headed ogre (D:4)
  Psyche (D:8)
  Grinder (Sewer)
  Prince Ribbit (D:9)
  A wyvern (D:9)
  3 steam dragons
  Menkaure (Ossuary)
  A water moccasin (D:8)
  An ice beast (D:7)
  3 orc warriors
  2 black bears (D:6)
  An ogre (D:5)
  2 centaurs (D:6)
  A phantom (D:5)
  2 kobold brigands (Sewer)
  3 bullfrogs
  3 necrophages
  Blork the orc (D:5)
  3 scorpions
  10 killer bees
  A howler monkey (D:6)
  A quasit (Sewer)
  2 hounds
  3 jellies (D:5)
  3 orc priests
  Crazy Yiuf (D:4)
  A gnoll bouda (D:5)
  Ijyb (D:5)
  3 iguanas (D:6)
  7 orc wizards
  4 mummies
  5 gnolls (D:5)
  10 adders
  3 shadow imps
  A white imp (D:8)
  5 ufetubi
  2 worms
  5 dart slugs
  27 orcs
  A bat zombie (Sewer)
  8 endoplasms
  11 giant cockroaches
  6 goblins
  6 hobgoblins
  4 jackals (D:4)
  19 kobolds
  4 quokkas
  7 ball pythons
  12 bats
  3 frilled lizards
  4 gnoll skeletons (Ossuary)
  7 gnoll zombies (Ossuary)
  7 goblin skeletons (Ossuary)
  5 goblin zombies (Ossuary)
  A hobgoblin skeleton (Ossuary)
  5 hobgoblin zombies (Ossuary)
  7 kobold skeletons (Ossuary)
  A kobold zombie (Ossuary)
  3 orc skeletons (Ossuary)
  4 orc zombies (Ossuary)
  4 rats
  3 rat skeletons (Ossuary)
  3 rat zombies (Ossuary)
  A bush (D:6)
263 creatures vanquished.

Vanquished Creatures (others)
  9 fungi (D:8)
  4 plants (D:6)
13 creatures vanquished.

Grand Total: 276 creatures vanquished

Notes
Turn   | Place    | Note
-------+----------+-------------------------------------------
     0 | D:1      | ytrimaz the Demonspawn Berserker began the quest for the
                  | Orb.
     0 | D:1      | Reached XP level 1. HP: 18/18 MP: 1/1
   206 | D:1      | Gained mutation: You are partially covered in yellow
                  | scales. (AC +2) [demonic ancestry]
   206 | D:1      | Reached XP level 2. HP: 6/24 MP: 2/2
   468 | D:1      | Reached skill level 3 in Axes
   819 | D:2      | Found a sacrificial altar of Ru.
   893 | D:2      | Gained mutation: Your touch may inflict minor irresistible
                  | damage on your foes. [demonic ancestry]
   893 | D:2      | Reached XP level 3. HP: 18/30 MP: 3/3
  1058 | D:2      | Reached ** piety under Trog
  1474 | D:3      | Reached XP level 4. HP: 20/37 MP: 4/4
  1476 | D:3      | Found a glowing drain.
  1499 | Sewer    | Entered a sewer
  1699 | Sewer    | Reached skill level 4 in Axes
  1712 | Sewer    | Noticed a kobold brigand
  1722 | Sewer    | Killed a kobold brigand
  1723 | Sewer    | Gained mutation: Your touch may inflict irresistible damage
                  | on your foes. [demonic ancestry]
  1723 | Sewer    | Reached XP level 5. HP: 21/42 MP: 5/5
  1725 | Sewer    | Found a burning altar of Makhleb.
  1928 | Sewer    | Reached skill level 5 in Axes
  2147 | Sewer    | Gained mutation: You regenerate magic rapidly. [demonic
                  | ancestry]
  2147 | Sewer    | Reached XP level 6. HP: 42/48 MP: 6/6
  2196 | Sewer    | Noticed Grinder
  2206 | Sewer    | Killed Grinder
  2207 | Sewer    | Reached skill level 6 in Axes
  2454 | D:3      | Noticed a shining eye
  2457 | D:3      | Found a faded altar of an unknown god.
  2459 | D:3      | Noticed a shining eye
  2459 | D:3      | Noticed an eye of devastation
  2459 | D:3      | Noticed an eye of devastation
  2464 | D:3      | Identified the +6 flail of Usurping Sudden Death {speed,
                  | *Noise rElec Dex+7}
  2662 | D:4      | Found a staircase to the Ecumenical Temple.
  2681 | D:4      | Gained mutation: You are mostly covered in yellow scales.
                  | (AC +3) [demonic ancestry]
  2681 | D:4      | Reached XP level 7. HP: 25/53 MP: 7/7
  2855 | D:4      | Reached skill level 7 in Axes
  2942 | D:4      | Found Etaack Siogg's Armour Shoppe.
  3158 | D:4      | Found a hazy altar of Hepliaklqana.
  3195 | D:4      | Reached *** piety under Trog
  3335 | D:4      | Noticed a two-headed ogre
  3344 | D:4      | Killed a two-headed ogre
  3345 | D:4      | Reached skill level 9 in Axes
  3345 | D:4      | Gained mutation: When hurt, damage is shared between your
                  | health and your magic reserves. [demonic ancestry]
  3345 | D:4      | Reached XP level 8. HP: 60/60 MP: 8/8
  3786 | D:4      | Found a runed translucent door.
  3787 | D:4      | Noticed Crazy Yiuf
  3901 | D:4      | Killed Crazy Yiuf
  3966 | D:5      | Entered Level 5 of the Dungeon
  4176 | D:5      | Reached skill level 10 in Axes
  4273 | D:5      | Noticed Blork the orc
  4279 | D:5      | Noticed Ijyb
  4283 | D:5      | Killed Blork the orc
  4294 | D:5      | Killed Ijyb
  4692 | D:5      | Found Qar Tuos's Jewellery Shoppe.
  4774 | D:5      | Found a radiant altar of Vehumet.
  4785 | D:5      | Gained mutation: You sometimes gain a little power by
                  | taking damage. [demonic ancestry]
  4785 | D:5      | Reached XP level 9. HP: 59/65 MP: 7/9
  4990 | D:6      | Reached skill level 11 in Axes
  5016 | D:6      | Found Eteujeqe's Distillery.
  5528 | D:6      | Found a blossoming altar of Fedhas.
  6024 | D:6      | Found Fiqeogif's Mayhem Merchandise.
  6176 | D:6      | Reached skill level 12 in Axes
  6470 | D:7      | Found a sparkling altar of Nemelex Xobeh.
  6543 | D:7      | Reached **** piety under Trog
  6948 | D:7      | Found a basalt altar of Yredelemnul.
  7670 | D:8      | Found a sand-covered staircase.
  7671 | D:8      | Noticed Psyche
  7686 | D:8      | Killed Psyche
  7687 | D:8      | Reached skill level 13 in Axes
  7687 | D:8      | Gained mutation: You sometimes gain power by taking damage.
                  | [demonic ancestry]
  7687 | D:8      | Reached XP level 10. HP: 31/71 MP: 7/10
  7695 | Ossuary  | Entered an ossuary
  7834 | Ossuary  | Reached ***** piety under Trog
  7972 | Ossuary  | Noticed Menkaure
  7976 | Ossuary  | Received a gift from Trog
  7982 | Ossuary  | Killed Menkaure
  8158 | D:8      | Found Jyirazeco's Antique Armour Shoppe.
  8529 | D:9      | Found a burning altar of Makhleb.
  8586 | D:9      | Noticed Prince Ribbit
  8589 | D:9      | Killed Prince Ribbit
  8801 | D:9      | HP: 4/106 [killer bee (3)]
  8804 | D:9      | HP: 1/106 [killer bee (2)]
  8805 | D:9      | Slain by a killer bee

Illustrated notes

Levels and vault maps discovered:
D:1:      doesnt_arrival_eight_statues, layout_rooms
D:2:      layout_rooms, basic_altar, minmay_pentomino_q2
D:3:      layout_rooms, gup_sewer_entry_pipe,
          hellmonk_ecumenical_altar_watching_god, lemuel_another_geyser
D:4:      layout_loops_ring, lemuel_doored_altar, mainiacjoe_overflow_24_doors,
          minmay_temple_entry_ruins, serial_shops, shop, minmay_manual_maat,
          uniq_crazy_yiuf_cottage
D:5:      layout_cave_pools, old_standard_altar, serial_shops,
          nicolae_shop_trees, grunt_tough_drop, uniq_ijyb, uniq_blork_the_orc
D:6:      layout_loops_ring, mainiacjoe_overflow_boulevard, serial_shops,
          nicolae_shop_crystal, minmay_shop_mayhem, kb_lookout_dungeons_type
D:7:      layout_loops_corners, lemuel_tele_altar, nemelex_diamond_rough_becter
D:8:      kennysheep_steamy, layout_loops_cross, gup_ossuary_entry_pyramid,
          serial_shops, shop, uniq_psyche
D:9:      layout_stronghold, mainiacjoe_overflow_small_starburst,
          nrook_pool_corridor, uniq_prince_ribbit1

Skill      XL: |  1  2  3  4  5  6  7  8  9 |
---------------+----------------------------+-----
Axes           | 3 4 5 6 9 10 13 | 13.9
Dodging        | 2 |  2.1
Fighting       | |  3.7
Armour         | |  1.9
Stealth        | |  0.1

Action                   |  1- 3 |  4- 6 |  7- 9 | 10-12 || total
-------------------------+-------+-------+-------+-------++-------
Melee: Hand axe          |   125 |   147 |   215 |       ||   487
       Touch             |     2 |    23 |    52 |       ||    77
       Punch             |       |     1 |     1 |       ||     2
       War axe           |       |       |    70 |       ||    70
       Battleaxe         |       |       |    50 |   159 ||   209
Invok: Berserk           |       |     2 |     5 |     1 ||     8
       Trog's Hand       |       |     1 |       |     1 ||     2
  Use: Scroll            |     3 |     6 |     3 |     3 ||    15
 Stab: Sleeping          |     2 |       |       |       ||     2
Armor: Animal skin       |    64 |    91 |    13 |       ||   168
       Plate armour      |       |       |   197 |   114 ||   311
Dodge: Dodged            |   132 |   176 |   130 |    69 ||   507

Table legend: (Time is in decaauts)
 A = Elapsed time spent in this place.
 B = Non-inter-level travel time spent in this place.
 C = Inter-level travel time spent in this place.
 D = Time resting spent in this place.
 E = Time spent auto-exploring this place.
 F = Levels seen in this place.
 G = Mean time per level.
                   A        B        C        D        E       F      G
               +--------+--------+--------+--------+--------+-----+--------+
         Total |   8864 |   8656 |    208 |    393 |   6147 |  11 |  805.8 |
       Dungeon |   7750 |   7542 |    208 |     48 |   5980 |   9 |  861.1 |
         Sewer |    742 |    742 |      0 |    345 |    155 |   1 |  742.0 |
       Ossuary |    371 |    371 |      0 |      0 |     12 |   1 |  371.0 |
               +--------+--------+--------+--------+--------+-----+--------+

Top non-repeatable levels by time:
     D:6: 1362 daAuts
     D:4: 1305 daAuts
     D:7: 1112 daAuts
     D:5: 974 daAuts
     D:1: 824 daAuts
   Sewer: 742 daAuts
     D:8: 727 daAuts
     D:3: 587 daAuts
     D:2: 562 daAuts
 Ossuary: 371 daAuts
     D:9: 293 daAuts
